[Event "*** MasterClass Titled Tuesday Blitz"]
[Site "Chess.com"]
[Date "2017.12.05"]
[Round "4"]
[White "joppie2"]
[Black "grzechu96"]
[Result "1-0"]
[WhiteElo "2606"]
[BlackElo "2431"]
[TimeControl "180+2"]
[EndTime "15:03:47 PST"]
[Termination "joppie2 won by checkmate"]

1. e4 c5 2. Nf3 d6 3. d4 cxd4 4. Nxd4 Nf6 5. Nc3 a6 6. Be2 e6 7. O-O Be7 8. f4 O-O 9. Kh1 Nc6 10. Be3 Qc7 11. a4 Re8 12. Bf3 Rb8 13. g4 Na5 14. g5 Nd7 15. Bg2 Bf8 16. Rf3 Nc4 17. Bc1 e5 18. Nd5 Qd8 19. Nf5 exf4 20. Bxf4 Nde5 21.
Rg3 Be6 22. b3 Bxd5 23. exd5 Nb6 24. Qh5 g6 25. Nh6+ Bxh6 26. Qxh6 f5 27. gxf6 Qxf6 28. Rf1 Qg7 29. Qh3 Kh8 30. Bh6 Qd7 31. a5 Qxh3 32.
Bxh3 Nxd5 33. c4 Nb4 34. Rg2 Nbc6 35. Rd2 Kg8 36. Rxd6 Nf7 37. Rxf7 Kxf7 38. Bg5 Ne5 39. Bg2 Kg8 40. Bd5+ Nf7 41. Rd7 Rf8 42. Bh6 Rbd8 43. Bxf7+ Kh8 44. Bg5 Rxd7 45. Bf6# 1-0

[Event "*** MasterClass Titled Tuesday Blitz"]
[Site "Chess.com"]
[Date "2017.12.05"]
[Round "4"]
[White "VladDobrov"]
[Black "GeorgMeier"]
[Result "1-0"]
[WhiteElo "2617"]
[BlackElo "2796"]
[TimeControl "180+2"]
[EndTime "15:03:48 PST"]
[Termination "VladDobrov won by resignation"]

1. d4 e6 2. c4 b6 3. Nf3 Bb7 4.
Nc3 Bb4 5. Qc2 Nf6 6. a3 Bxc3+ 7. Qxc3 O-O 8. e3 d5 9. b3 c5 10. Be2 cxd4 11. exd4 dxc4 12. bxc4 Nc6 13. Bb2 Rc8 14. Rc1 Na5 15. Qe3 Re8 16. Ne5 Nd7 17. O-O Nxe5 18. Qxe5 Qh4 19. Rfd1 Nc6 20. Qe3 Ne7 21. Qg3 Qf6 22.
Bf1 Nf5 23. Qf4 h6 24. Rd2 Qg5 25. Qxg5 hxg5 26. a4 Red8 27. a5 bxa5 28. Ra1 Ba6 29. Ra4 Rd7 30. Bc3 Nd6 31. c5 Bxf1 32. Kxf1 Ne4 33.
Rc2 Nxc3 34. Rxc3 Rcd8 35. Rcc4 Kf8 36. Ke2 Ke7 37. Ke3 Kf6 38. Rxa5 e5 39. Ra6+ Kf5 40. g4+ Kxg4 41. d5+ Kh3 42. d6 g4 43. Ke4 Kxh2 44. Kxe5 Re8+ 45. Kd5 Re6 46. Rxg4 g6 47. Rf4 Kg2 48.
Rxf7 Rexd6+ 49. cxd6 Rxf7 50. Ra2 Kf3 51. Ke6 Rf8 52.
Ke7 Rh8 53. d7 g5 54. d8=Q Rxd8 55. Kxd8 g4 56. Kc7 a5 57. Kb6 a4 58. Ka5 a3 59.
Ka4 1-0

[Event "*** MasterClass Titled Tuesday Blitz"]
[Site "Chess.com"]
[Date "2017.12.05"]
[Round "4"]
[White "mikelito7"]
[Black "d4xaoc"]
[Result "1-0"]
[WhiteElo "1355"]
[BlackElo "1201"]
[TimeControl "180+2"]
[EndTime "15:03:52 PST"]
[Termination "mikelito7 won by resignation"]

1. d4 e6 2. e4 c5 3. d5 exd5 4. exd5 d6 5. c4 Be7 6. Nc3 Nf6 7. Bd3 O-O 8. Be3 Nbd7 9. Qd2 Ne5 10. Be2 Bg4 11.
f3 Bf5 12. g4 Bg6 13. h4 h6 14. h5 Bh7 15. Nh3 Nfd7 16. O-O Bh4 17. f4 Nxg4 18.
Bxg4 Nf6 19. Bf3 Bf5 20. Kh2 Bg4 21. Qe2 Bxh3 22. Kxh3 Nd7 23. Bg4 Bf6 24. Ne4 Re8 25.
Nxf6+ Nxf6 26. Rae1 Qc7 27. Qf3 Nxg4 28. Qxg4 Rf8 29. Bd2 f5 30. Qg3 Qf7 31. Bc3 Kh8 32.
Rg1 Qxh5+ 33. Qh4 Qxh4+ 34. Kxh4 Rg8 35. Rg6 Kh7 36. Reg1 Raf8 37. Rxg7+ Rxg7 38. Rxg7+ Kh8 39. Rxb7+ Kg8 40. Rg7+ Kh8 41. Rxa7+ Kg8 42. Rg7+ Kh8 43. Rf7+ Kg8 44. Rxf8+ Kxf8 45. Kh5 Kf7 46. a4 Ke7 47. Kxh6 Kd7 48. Kg5 Kc7 49. Kxf5 Kb6 50. Ke6 Kc7 51. f5 1-0

[Event "*** MasterClass Titled Tuesday Blitz"]
[Site "Chess.com"]
[Date "2017.12.05"]
[Round "4"]
[White "penguingm1"]
[Black "Tash_Boy"]
[Result "1-0"]
[WhiteElo "2620"]
[BlackElo "2427"]
[TimeControl "180+2"]
[EndTime "15:03:53 PST"]
[Termination "penguingm1 won by checkmate"]

1. d4 Nf6 2. c4 e6 3. Nc3 Bb4 4. Qc2 O-O 5. Nf3 d5 6. cxd5 exd5 7. Bg5 c6 8. e3 h6 9. Bh4 Be7 10. Bd3 Nh5 11. Bxe7 Qxe7 12. O-O Nd7 13. Rab1 a5 14. a3 Nhf6 15. Na4 Ra7 16. b4 axb4 17.
axb4 b5 18. Nc5 Nb6 19. Ne5 Ng4 20. Nxc6 Qd6 21. Ne5 Nxe5 22. dxe5 Qxe5 23. Bxb5 Rc7 24.
Bd3 d4 25. exd4 Qxd4 26. Rfd1 Qg4 27. Be2 Qg5 28. Rbc1 Nd5 29. Qb3 Nf4 30. Bf3 Re8 31.
Qb2 Bg4 32. Bxg4 Qxg4 33. f3 Qg5 34. Rc2 Rce7 35. Ne4 Qg6 36. Rf1 h5 37. b5 Qb6+ 38. Kh1 h4 39. Qc1 Nd3 40. Qd2 Rd8 41.
Qg5 Re5 42. Qxh4 Rxb5 43. h3 Qg6 44. Qxd8+ Kh7 45. Rc8 Kh6 46. Qh8+ Qh7 47. Rc6+ g6 48. Qf8+ Kh5 49. Nf6+ Kh4 50. Rc4+ Kg3 51. Rg4# 1-0

[Event "*** MasterClass Titled Tuesday Blitz"]
[Site "Chess.com"]
[Date "2017.12.05"]
[Round "4"]
[White "TregubovP"]
[Black "juniortay"]
[Result "1-0"]
[WhiteElo "2505"]
[BlackElo "2303"]
[TimeControl "180+2"]
[EndTime "15:04:08 PST"]
[Termination "TregubovP won by resignation"]

1. d4 Nf6 2. c4 d6 3. Nf3 Nbd7 4.
g3 e5 5. Nc3 Be7 6. Bg2 O-O 7.
O-O c6 8. e4 a6 9. d5 Nc5 10. Ne1 a5 11. Be3 Nfd7 12. b3 Bg5 13. f4 Bf6 14. Rc1 Re8 15. f5 Bg5 16. Qd2 Bxe3+ 17. Qxe3 Qb6 18. Kh1 a4 19. Rb1 axb3 20. axb3 Qb4 21. Nc2 Qb6 22. b4 Na4 23. Ra1 Qxe3 24.
Nxe3 Ndb6 25. Nxa4 Rxa4 26. Rxa4 Nxa4 27. Ra1 Nc3 28.
Bf3 Bd7 29. Ra3 cxd5 30. exd5 e4 31. Rxc3 exf3 32. Kg1 Ra8 33. Kf2 Ra2+ 34. Kxf3 Rxh2 35. c5 dxc5 36. bxc5 Kf8 37. Rb3 Bc8 38. Nc4 Rc2 39. Rb4 Ke7 40. Ke4 Kd7 41. Kd4 Kc7 42. Nd6 Rd2+ 43.
Ke4 f6 44. Ne8+ Kd7 45. Nxg7 Rc2 46. Rb5 Kc7 47. Ne6+ Kd7 48. Rb6 Rc3 49. g4 Rc4+ 50. Nd4 Ke7 51. c6 bxc6 52. Rxc6 Bd7 53. Rxc4 1-0

[Event "*** MasterClass Titled Tuesday Blitz"]
[Site "Chess.com"]
[Date "2017.12.05"]
[Round "4"]
[White "dawtonlms"]
[Black "walkingcreep"]
[Result "0-1"]
[WhiteElo "2235"]
[BlackElo "2404"]
[TimeControl "180+2"]
[EndTime "15:04:08 PST"]
[Termination "walkingcreep won by checkmate"]

1. e4 c5 2. Nf3 e6 3. d3 Nc6 4.
g3 Nf6 5. Bg2 Be7 6. O-O O-O 7.
Re1 d5 8. e5 Ne8 9. Nbd2 Nc7 10.
Nf1 b5 11. h4 Rb8 12. h5 b4 13.
N1h2 a5 14. Ng4 f5 15. exf6 gxf6 16. Bh6 Re8 17. Bd2 Kh8 18. Nh6 Rf8 19. Nh4 f5 20. Ng6+ hxg6 21. hxg6 Kg7 22. Nf7 Rxf7 23. gxf7 Qh8 24. c4 Kxf7 25. cxd5 exd5 26. Bf4 Rb7 27. Bxc7 Rxc7 28. Bxd5+ Kf8 29. Qa4 Bd7 30. Qd1 Nd4 31.
Qd2 Bc6 32. Bxc6 Rxc6 33. Qf4 Rh6 34. Qb8+ Kf7 35. Qxh8 Rxh8 36. Red1 Bg5 37. Kg2 Nc2 38. Rab1 Re8 39. Rh1 Kg6 40. f4 Bf6 41. Rh2 Ne3+ 42. Kf3 Ng4 43. Re2 Rd8 44. Rd1 Kf7 45. b3 Bd4 46. Rde1 Bf6 47. Rd1 Rh8 48. Rc1 Bd4 49.
Rce1 Rh3 50. Re7+ Kg6 51. R1e6+ Nf6 52. Rc7 Rh2 53. g4 fxg4+ 54. Kg3 Rh3+ 55. Kg2 Rxd3 56. Rd7 Rd2+ 57. Kf1 Kf5 58. Rdd6 Ne4 59. Ra6 g3 60.
Rg6 Kxf4 61. Ra8 Rf2+ 62. Ke1 Bc3+ 63. Kd1 g2 64. Rf8+ Ke3 65. Rfg8 Kd3 66. Kc1 Rf1# 0-1

[Event "*** MasterClass Titled Tuesday Blitz"]
[Site "Chess.com"]
[Date "2017.12.05"]
[Round "4"]
[White "Khamrakulov_Djurabek"]
[Black "Markov_Mikhail"]
[Result "1-0"]
[WhiteElo "2689"]
[BlackElo "2608"]
[TimeControl "180+2"]
[EndTime "15:04:11 PST"]
[Termination "Khamrakulov_Djurabek won by resignation"]

1. e4 c5 2. c3 Nf6 3. e5 Nd5 4. d4 cxd4 5. Nf3 d6 6. cxd4 Nc6 7. Bc4 dxe5 8. dxe5 Ndb4 9. Qe2 e6 10. O-O a6 11. Rd1 Qc7 12. a3 Nd5 13. Bxd5 exd5 14. Nc3 Be6 15. Nxd5 Bxd5 16. Rxd5 Be7 17. Bg5 O-O 18.
Rad1 Rad8 19. h4 h6 20. Bxe7 Qxe7 21. Qe4 Rxd5 22. Rxd5 Rd8 23. Qd3 Rxd5 24. Qxd5 Nd8 25. g3 Ne6 26. Nd2 Qc7 27. Nc4 b5 28. Nd6 Qc1+ 29.
Kg2 Qxb2 30. Qa8+ Kh7 31. Nxf7 Qe2 32. Qf3 Qxf3+ 33. Kxf3 a5 34. Ke4 b4 35. axb4 axb4 36. Kd3 b3 37. Kc3 Nc5 38. Nd6 g5 39. f4 Kg7 40. f5 g4 41. f6+ Kg6 42. Nc4 Kf7 43. Ne3 h5 44. Nd5 Ke6 45. Nf4+ Kxe5 46. Nd3+ Kxf6 47. Nxc5 Ke5 48. Nd3+ Ke4 49. Nf4 1-0

[Event "*** MasterClass Titled Tuesday Blitz"]
[Site "Chess.com"]
[Date "2017.12.05"]
[Round "4"]
[White "dusanacns"]
[Black "LastHeroJr"]
[Result "1-0"]
[WhiteElo "2611"]
[BlackElo "2415"]
[TimeControl "180+2"]
[EndTime "15:04:12 PST"]
[Termination "dusanacns won by checkmate"]

1. e4 e5 2. d4 exd4 3. Qxd4 Nc6 4. Qe3 Nf6 5. Nc3 Bb4 6. Bd2 O-O 7. O-O-O Re8 8.
Bc4 d6 9. f3 Ne5 10. Bb3 a5 11. a3 Bc5 12. Qg5 Be6 13. Bxe6 fxe6 14.
f4 Neg4 15. Nh3 Ne3 16. Bxe3 Bxe3+ 17. Kb1 e5 18. Rhe1 exf4 19. Nxf4 Bxf4 20. Qxf4 Qe7 21.
Nd5 Nxd5 22. Rxd5 Rf8 23. Qd2 b6 24. Rf5 Rae8 25. Qd5+ Qe6 26. Rxf8+ Kxf8 27. Qc6 Qe7 28. Qc4 g6 29. g3 Kg7 30. h4 h5 31. Re3 Rf8 32. Rc3 Rf7 33. b3 Kh7 34. a4 Qd7 35.
Ka2 Qe7 36. Qd5 Kg7 37. Qd4+ Kh7 38. Re3 Qe6 39. e5 d5 40. Rd3 Rd7 41. Rf3 c5 42.
Qe3 d4 43. Qe2 Re7 44. Kb1 Kg7 45. Qb5 Kh7 46. Rf1 Kg7 47. Qa6 d3 48. Qxd3 Qxe5 49.
Qf3 c4 50. Qf8+ Kh7 51. Rf7+ Rxf7 52. Qxf7+ Kh6 53. Qxc4 Qxg3 54. Qd4 Qe1+ 55. Kb2 Qe6 56. Qh8# 1-0

[Event "*** MasterClass Titled Tuesday Blitz"]
[Site "Chess.com"]
[Date "2017.12.05"]
[Round "4"]
[White "abubakrtagelsir"]
[Black "ChessMavenYeti"]
[Result "0-1"]
[WhiteElo "2294"]
[BlackElo "2063"]
[TimeControl "180+2"]
[EndTime "15:04:13 PST"]
[Termination "ChessMavenYeti won by resignation"]

1. e4 e6 2. d4 d5 3. Nc3 Be7 4.
Nf3 Nf6 5. Bd3 c5 6. e5 Nfd7 7. O-O Nc6 8. dxc5 Ndxe5 9. Nxe5 Nxe5 10. Bb5+ Bd7 11. Qe2 Bxb5 12. Qxb5+ Qd7 13. Qe2 Nc6 14. Rd1 O-O 15. Na4 e5 16. b3 Nd4 17. Qd3 Rfd8 18. Bb2 Nc6 19. Qe2 Qf5 20. a3 a5 21.
Nb6 Rab8 22. Nxd5 Bxc5 23. c4 Nd4 24. Bxd4 exd4 25. b4 axb4 26. axb4 Bd6 27. Rxd4 Bxb4 28. Re4 Bc5 29. Re1 h6 30. h3 Kh7 31. Rf4 Qg6 32.
Rg4 Qf5 33. Rf4 Qg6 34. Qf3 Rd7 35. Rg4 Qc6 36. Qf5+ Kg8 37. Rf4 Rf8 38. Qe4 Bd6 39. Rf3 Qc5 40. Qf5 Qa5 41. Re4 Rdd8 42. g3 Qa1+ 43.
Kg2 Bb8 44. Rg4 Rd6 45. Ne7+ Kh8 46. Ng6+ Rxg6 47. Rxg6 Qc1 48. Rg4 Bd6 49. Qe4 b6 50. Qd5 Bc5 51. Rgf4 f6 52. Re4 Qc2 53. Ref4 Qb2 54.
Qf5 Qc2 55. Qg6 Qxg6 56. Rg4 Qf7 57. h4 Rd8 58. h5 Qxh5 59. Re4 Qf7 60. Rf5 Rd4 61.
Re2 Qxc4 62. Re8+ Kh7 0-1

[Event "*** MasterClass Titled Tuesday Blitz"]
[Site "Chess.com"]
[Date "2017.12.05"]
[Round "4"]
[White "Winehouse83"]
[Black "chidori_boruto"]
[Result "1-0"]
[WhiteElo "2388"]
[BlackElo "2524"]
[TimeControl "180+2"]
[EndTime "15:04:14 PST"]
[Termination "Winehouse83 won by checkmate"]

1. d4 d5 2. Bf4 Nf6 3. e3 c5 4. c3 cxd4 5. exd4 Nc6 6. Bd3 Bg4 7. Qb3 Qd7 8. Nd2 e6 9. Ngf3 Bxf3 10. Nxf3 Bd6 11.
Bxd6 Qxd6 12. Qxb7 O-O 13. Qa6 Rab8 14. O-O Rxb2 15.
Bb5 Qb8 16. Bxc6 Rb6 17. Qa4 Rc8 18. Ne5 Qc7 19. Rfc1 Ne4 20. c4 f6 21. c5 Rb2 22.
Nd3 Rd2 23. Bb5 h5 24. Rd1 Nc3 25. Qa6 Nxd1 26. Qxe6+ Kh8 27. Qe1 Qa5 28. Bd7 Rd8 29. c6 Qc3 30. Rxd1 Rxd3 31. Qe2 Rxd1+ 32. Qxd1 g6 33. h4 Kg7 34. Qe2 Kf8 35. Qe6 Qc1+ 36. Kh2 Qf4+ 37. Kg1 Qc1+ 38. Kh2 Qf4+ 39. Kh3 Qg4+ 40.
Qxg4 hxg4+ 41. Kxg4 Ke7 42. c7 Kxd7 43. cxd8=Q+ Kxd8 44. h5 gxh5+ 45. Kxh5 Ke7 46. Kg6 Ke6 47. g4 a5 48. a4 Ke7 49. f4 Ke6 50. f5+ Ke7 51.
Kg7 Ke8 52. Kxf6 Kf8 53. g5 Kg8 54. Ke7 Kg7 55. f6+ Kg6 56. f7 Kh7 57. Kf6 Kh8 58.
f8=Q+ Kh7 59. g6# 1-0

[Event "*** MasterClass Titled Tuesday Blitz"]
[Site "Chess.com"]
[Date "2017.12.05"]
[Round "4"]
[White "Hasangatin_Ramil"]
[Black "wonderfultime"]
[Result "0-1"]
[WhiteElo "2402"]
[BlackElo "2745"]
[TimeControl "180+2"]
[EndTime "15:04:20 PST"]
[Termination "wonderfultime won on time"]

1. d4 d5 2. Bf4 Nf6 3. e3 c5 4. dxc5 Qa5+ 5. Nc3 Qxc5 6. Qd4 Qxd4 7. exd4 a6 8. Nf3 Bf5 9. O-O-O Nc6 10. Ne5 Rc8 11. Nxc6 Rxc6 12. Bd3 Bg6 13. f3 e6 14. Ne2 Be7 15.
Be3 O-O 16. Nf4 Bxd3 17. Nxd3 Rfc8 18. Rd2 Nd7 19. Ne5 Nxe5 20. dxe5 b5 21. Kb1 Kf8 22.
Rhd1 Rc4 23. Bd4 g5 24. Re1 Kg7 25. Ree2 Kg6 26. Rd3 h5 27. a3 Bc5 28. c3 Bxd4 29. Rxd4 Rxd4 30. cxd4 Rc4 31. Rd2 Kf5 32. Rd3 g4 33. b3 Rc8 34. g3 Rh8 35. Kc2 gxf3 36. Rxf3+ Ke4 37. Rf4+ Ke3 38. Kc3 a5 39. Kb2 Rc8 40. Rh4 Kd3 41. Rxh5 Rc2+ 42. Kb1 Kc3 43. g4 Kxb3 44. g5 Rg2 45. Kc1 Kxa3 46. h4 Kb3 47.
Rh7 Rf2 48. h5 a4 49. Rh8 a3 50. Ra8 b4 51. h6 Rh2 52. Kd1 Kb2 53. Ra7 a2 0-1

[Event "*** MasterClass Titled Tuesday Blitz"]
[Site "Chess.com"]
[Date "2017.12.05"]
[Round "4"]
[White "roncataroja"]
[Black "Blitz-rider"]
[Result "1-0"]
[WhiteElo "1427"]
[BlackElo "1983"]
[TimeControl "180+2"]
[EndTime "15:04:22 PST"]
[Termination "roncataroja won by checkmate"]

1. e3 c5 2. f4 d5 3. Nf3 Nc6 4. d4 e6 5. Bb5 Bd7 6. O-O Nf6 7. Nbd2 Bd6 8. Bxc6 Bxc6 9. Ne5 Qc7 10. b3 O-O 11. Bb2 Nd7 12. h3 Rac8 13. Rc1 Bb5 14. Rf3 f6 15.
Nxd7 Bxd7 16. Qe1 cxd4 17. Bxd4 e5 18. fxe5 fxe5 19. Rxf8+ Rxf8 20. Bb2 Bc5 21. Nf3 Bd6 22. c4 dxc4 23. Rxc4 Bc6 24. Ng5 Qe7 25. Rg4 Bd7 26. Rg3 e4 27. Ne6 Bxe6 28. Rxg7+ Qxg7 29. Bxg7 Kxg7 30. Qc3+ Kg8 31. Qd4 Bb8 32. Qxe4 Bf5 33. Qxb7 Bc2 34. g4 Bd3 35. Qd5+ Kh8 36. Qxd3 Re8 37.
Qd4+ Kg8 38. e4 Be5 39. Qd5+ Kh8 40. h4 Bg7 41. h5 h6 42. Kg2 Bf6 43. Kf3 Kg7 44.
Qd7+ Re7 45. Qd5 Bg5 46. e5 Rf7+ 47. Ke2 Re7 48. e6 Bf6 49. Kf3 Bg5 50. Ke4 Bf6 51. Kf5 Bg5 52. Qe5+ Bf6 53. Qxf6+ Kg8 54. Qxe7 a5 55.
Kg6 a4 56. Qg7# 1-0

[Event "*** MasterClass Titled Tuesday Blitz"]
[Site "Chess.com"]
[Date "2017.12.05"]
[Round "4"]
[White "GMKrikor"]
[Black "Caisachess"]
[Result "1-0"]
[WhiteElo "2644"]
[BlackElo "2336"]
[TimeControl "180+2"]
[EndTime "15:04:24 PST"]
[Termination "GMKrikor won by resignation"]

1. e4 e5 2. Nf3 Nc6 3. Bc4 Nf6 4. d3 Bc5 5. O-O d6 6. a4 a6 7. c3 O-O 8. h3 Ba7 9. Na3 h6 10. Nc2 Ne7 11. Be3 Ng6 12. Bxa7 Rxa7 13. a5 Be6 14.
Ne3 Qd7 15. Kh2 Nf4 16. Bxe6 fxe6 17. g3 Ng6 18. Qe2 Raa8 19. Nd2 Rf7 20. d4 Raf8 21.
dxe5 dxe5 22. Rad1 Qc6 23. Qc4 Qe8 24. Qe2 Qc6 25.
Nec4 Qc5 26. b4 Qb5 27. f3 Ne8 28. Rfe1 Qc6 29. Rc1 Nd6 30. Ne3 Nb5 31. Qc4 Qd7 32. Qe2 Qc6 33. Qc4 Qd7 34. Qe2 Qc6 35. Nd1 Nd4 36. cxd4 Qxc1 37. Ne3 Qc3 38. d5 Rd7 39.
Ndc4 exd5 40. Nxd5 Qxf3 41. Qxf3 Rxf3 42. h4 Rd3 43.
Kg2 Rd4 44. Rc1 Rxe4 45. Nde3 Red4 46. Kf3 e4+ 47. Ke2 Rf7 48. h5 Ne7 49. Ne5 Rf6 50. Rxc7 Nf5 51. Rc8+ Kh7 52. Nxf5 Rxf5 53. Ng6 Rxh5 54.
Nf8+ Kg8 55. Ne6+ Kh7 56. Nxd4 Rg5 57. Rc7 Rxg3 58. Rxb7 h5 59. Nf5 Rb3 60. Rxg7+ Kh8 61. Rb7 Kg8 62. b5 axb5 63. a6 Ra3 64. a7 Ra2+ 65. Ke3 1-0

[Event "*** MasterClass Titled Tuesday Blitz"]
[Site "Chess.com"]
[Date "2017.12.05"]
[Round "4"]
[White "Sulvyfex"]
[Black "activity5"]
[Result "1-0"]
[WhiteElo "1333"]
[BlackElo "1512"]
[TimeControl "180+2"]
[EndTime "15:04:26 PST"]
[Termination "Sulvyfex won by checkmate"]

1. e4 c5 2. Nf3 d6 3. d4 cxd4 4. Nxd4 Nf6 5. Nc3 a6 6. a4 e5 7. Nf3 Be7 8. Bd3 Be6 9. b3 Qc7 10. Bb2 Nbd7 11. O-O Rc8 12. Qd2 h6 13. Ne2 Bg4 14. Qe3 Qb6 15. Qxb6 Nxb6 16. Nd2 Bxe2 17. Bxe2 Rxc2 18. Bc1 O-O 19. Bd3 Rc3 20. Be2 Rfc8 21. Nc4 Nxc4 22. Bxc4 Nxe4 23. Bb2 Rc2 24. Ba3 Nd2 25.
Rfc1 Rxc1+ 26. Rxc1 Nxc4 27. bxc4 f5 28. f3 Kf7 29. Kf2 Ke6 30. Ke3 g5 31. g3 b5 32.
axb5 axb5 33. cxb5 Rxc1 34. Bxc1 d5 35. Kd3 Bc5 36. f4 e4+ 37. Ke2 g4 38. Be3 d4 39.
Bd2 Kd5 40. Ba5 d3+ 41. Kd2 h5 42. Kc3 Bd4+ 43. Kd2 Kc4 44. b6 e3+ 45. Kd1 e2+ 46. Kd2 Kb5 47. b7 Ba7 48. Bc7 Be3+ 49. Ke1 Ba7 50. b8=Q+ Bxb8 51. Bxb8 Kc4 52. Kd2 Kd4 53. Be5+ Ke4 54. Bc3 Kf3 55. Kxd3 Kf2 56. Kd4 e1=Q 57. Bxe1+ Kxe1 58. Ke5 Kf2 59. Kxf5 Kg2 60. Kg5 Kxh2 61. f5 Kxg3 62. f6 h4 63. f7 h3 64. f8=Q h2 65. Qf4+ Kh3 66. Qxg4# 1-0

[Event "*** MasterClass Titled Tuesday Blitz"]
[Site "Chess.com"]
[Date "2017.12.05"]
[Round "4"]
[White "ZABDIELBLANCO"]
[Black "fredjust"]
[Result "0-1"]
[WhiteElo "1235"]
[BlackElo "1615"]
[TimeControl "180+2"]
[EndTime "15:04:28 PST"]
[Termination "fredjust won by resignation"]

1. d4 Nf6 2. Bf4 g6 3. Nc3 Bg7 4. e3 d6 5. h3 O-O 6. Nf3 b6 7. Be2 Bb7 8. Bh2 c5 9. d5 Na6 10. a3 Nc7 11. e4 Re8 12. O-O a6 13. Rb1 b5 14. b4 c4 15. Re1 Nd7 16. Bf1 Bxc3 17. Re3 Bg7 18. c3 Nf6 19. Qc2 e5 20. Nd2 Rf8 21. f4 Nh5 22. fxe5 dxe5 23. Be2 Nf6 24.
Bg4 Nfxd5 25. exd5 Nxd5 26. Ree1 Nf4 27. Bxf4 exf4 28. Bf3 Bxf3 29. Nxf3 Qd3 30. Rbc1 Qxc2 31. Rxc2 Rad8 32. Kf2 Rd3 33. Re4 Rxc3 34. Rxc3 Bxc3 35. Rxf4 Bg7 36. Re4 Rc8 37. Ne1 c3 38. Nc2 Kf8 39. Ke3 Re8 40. Rxe8+ Kxe8 41. Ke4 f5+ 42. Kd5 Kd7 43. Kc5 Kc7 44. Kd5 h5 45. h4 Kd7 46.
Kc5 Bf6 47. g3 f4 48. gxf4 Bxh4 49. Kb6 Ke6 50. Kxa6 Bd8 51. Kxb5 h4 52. Kc4 h3 53. Kxc3 h2 54. Nd4+ Kf6 55. a4 h1=Q 56. b5 Qa8 57. Nb3 Qxa4 58. b6 Qb5 59. Nd4 Qxb6 60. Kd3 Qd6 61. Ke3 Bb6 62. Ke4 Qxd4+ 63. Kf3 Qd5+ 64. Ke2 Qf5 65. Kd2 Qxf4+ 66. Kd3 g5 67. Ke2 g4 68. Kd3 g3 69. Ke2 g2 70. Kd3 g1=Q 71.
Kc3 Qc5+ 72. Kd3 Qfd4+ 73. Ke2 Qce5+ 74. Kf3 Qdf4+ 75. Kg2 Qeg5+ 0-1

[Event "*** MasterClass Titled Tuesday Blitz"]
[Site "Chess.com"]
[Date "2017.12.05"]
[Round "4"]
[White "Salem-AR"]
[Black "krzyzan94"]
[Result "1-0"]
[WhiteElo "2821"]
[BlackElo "2602"]
[TimeControl "180+2"]
[EndTime "15:04:29 PST"]
[Termination "Salem-AR won by resignation"]

1. Nf3 Nf6 2. c4 g6 3. d4 Bg7 4. Nc3 d5 5. cxd5 Nxd5 6. e4 Nxc3 7. bxc3 c5 8. Be2 O-O 9. O-O b6 10. Bg5 Nc6 11. d5 Ne5 12. Nxe5 Bxe5 13. Qd2 Bg7 14. Rad1 Bb7 15. c4 Qd7 16. h4 e5 17. h5 f6 18. Be3 f5 19. Bg5 f4 20. hxg6 h6 21. Bh4 Bf6 22. Bxf6 Rxf6 23. Bh5 Kg7 24. Qe2 Qd6 25. Rd3 Raf8 26. Rh3 Bc8 27. Rh2 Bd7 28. Rb1 f3 29. Qe3 fxg2 30. Rxg2 Rf4 31. Re1 Rh4 32.
Bd1 Rff4 33. Rg3 Qf6 34. f3 Rh5 35. Qf2 Qh4 36. Qg2 Rg5 37. Kf2 Rxg6 38. Rg1 Rxg3 39. Qxg3+ Qxg3+ 40. Kxg3 Rf6 41. Rh1 Be8 42. Be2 Bd7 43.
Rh4 Rg6+ 44. Kf2 Rf6 45. Ke3 Rg6 46. f4 Rg3+ 47. Bf3 exf4+ 48. Kxf4 Rg1 49. e5 Rc1 50. e6 Bc8 51. Ke5 b5 52. cxb5 c4 53. Rf4 c3 54.
Rc4 c2 55. Be4 Bb7 56. Rc7+ 1-0

[Event "*** MasterClass Titled Tuesday Blitz"]
[Site "Chess.com"]
[Date "2017.12.05"]
[Round "4"]
[White "chessking2151"]
[Black "QuintilianoR"]
[Result "0-1"]
[WhiteElo "2346"]
[BlackElo "2521"]
[TimeControl "180+2"]
[EndTime "15:04:31 PST"]
[Termination "QuintilianoR won by resignation"]

1. e4 c5 2. Nf3 d6 3. d4 cxd4 4. Nxd4 Nf6 5. Nc3 g6 6. Be3 Bg7 7. f3 O-O 8. Qd2 Nc6 9. O-O-O d5 10. exd5 Nxd5 11. Nxc6 bxc6 12. Bd4 Nxc3 13. Qxc3 Bh6+ 14. Be3 Bxe3+ 15. Qxe3 Qb6 16. Qxe7 Be6 17. Qa3 Rfd8 18. Bd3 Rd5 19. Rhe1 Ra5 20. Qc3 Rxa2 21. b3 Ra5 22.
Kb2 Rc5 23. Qf6 Re8 24. f4 Qd8 25. Qxd8 Rxd8 26. Ra1 a5 27. g3 Rb8 28. Ra4 Rb4 29.
Re4 Rxa4 30. Rxa4 Kf8 31. Be4 Ke7 32. c4 Kd6 33. Kc3 Bf5 34. Bf3 f6 35. Ra2 Bd7 36.
Kd4 g5 37. fxg5 Rxg5 38. Rd2 Kc7 39. Ke3 Re5+ 40. Kf2 c5 41. Bd5 a4 42. bxa4 Bxa4 43.
Ra2 Bd7 44. Ra7+ Kd6 45. Ra6+ Ke7 46. Ra7 Kd6 47. Ra8 Rf5+ 48. Ke3 Re5+ 49. Kd2 Bg4 50. Rd8+ Ke7 51. Rh8 Re2+ 52. Kd3 Rxh2 53. Be4 f5 54.
Bd5 Rh3 55. Kd2 h5 56. Rh7+ Kd6 57. Rh6+ Ke5 58. Bf7 Rxg3 59. Re6+ Kf4 60. Rc6 h4 61. Rxc5 h3 62. Rc6 h2 63. Rh6 Rh3 64. Rh4 Rxh4 0-1

[Event "*** MasterClass Titled Tuesday Blitz"]
[Site "Chess.com"]
[Date "2017.12.05"]
[Round "4"]
[White "josiwales"]
[Black "Margency"]
[Result "1-0"]
[WhiteElo "2363"]
[BlackElo "2498"]
[TimeControl "180+2"]
[EndTime "15:04:47 PST"]
[Termination "josiwales won by checkmate"]

1. e4 c5 2. Nc3 d6 3. g3 Nc6 4.
Bg2 g6 5. d3 Bg7 6. Be3 e6 7. Qd2 Nd4 8. Nd1 Rb8 9. c3 Nc6 10.
Ne2 b5 11. f4 b4 12. O-O bxc3 13. bxc3 Qa5 14. g4 Ba6 15. f5 Ne5 16. g5 Bxd3 17. f6 Bf8 18. Bf4 c4 19. Nd4 h6 20. h4 hxg5 21.
hxg5 Bxf1 22. Bxf1 Qc5 23. Ne3 Rh4 24. Qf2 Rh5 25.
Be2 Rh3 26. Kg2 Rh8 27. Qg3 Rb2 28. Nec2 a5 29. Bc1 Rb8 30. Ba3 Qc7 31. Ne3 Ne7 32. fxe7 Bxe7 33. Rf1 Rb6 34. Ng4 Nxg4 35. Bxg4 Qb7 36. Qf3 Rf8 37. Rd1 Bxg5 38. e5 Qxf3+ 39.
Bxf3 d5 40. Bxf8 Kxf8 41. Rf1 Kg7 42. Bg4 Be3 43. Kf3 Bd2 44. Ne2 Rb2 45. a4 Rb3 46. Nd4 Rxc3+ 47. Ke2 Rd3 48. Nb5 Bg5 49. Nd6 f5 50.
exf6+ Bxf6 51. Ne8+ Kh6 52. Nxf6 Kg5 53. Bxe6 Ra3 54. Nxd5 Rxa4 55. Rg1+ Kh4 56. Rg4+ Kh5 57. Nf4+ Kh6 58. Rxg6+ Kh7 59. Bf5 Kh8 60. Ne6 c3 61. Kd3 Ra3 62. Ng5 c2+ 63. Kxc2 a4 64. Nf7+ Kh7 65.
Rg3# 1-0

[Event "*** MasterClass Titled Tuesday Blitz"]
[Site "Chess.com"]
[Date "2017.12.05"]
[Round "4"]
[White "Angry_Serb"]
[Black "johannesh"]
[Result "0-1"]
[WhiteElo "2346"]
[BlackElo "2279"]
[TimeControl "180+2"]
[EndTime "15:04:58 PST"]
[Termination "johannesh won by checkmate"]

1. e4 c6 2. Nc3 d5 3. Nf3 Bg4 4. h3 Bxf3 5. gxf3 e6 6. d4 Nf6 7.
Be3 Qb6 8. Qd3 Qxb2 9. Rb1 Qa3 10. Rxb7 Bb4 11. Bd2 O-O 12. Bg2 c5 13. dxc5 Nbd7 14. Rxb4 Qxb4 15. Nxd5 Qa4 16. Nc3 Qc6 17. O-O Nxc5 18.
Qe3 e5 19. f4 Ncd7 20. fxe5 Nxe5 21. Qg3 Rfe8 22. f4 Nc4 23. e5 Qc5+ 24. Qf2 Qxf2+ 25. Rxf2 Nxd2 26. Rxd2 Rac8 27. Nb5 Nh5 28. Nd6 Nxf4 29. Nxc8 Rxc8 30. Bf1 g5 31. Rd7 Rxc2 32. Rxa7 Rc5 33. Re7 Kf8 34. Ra7 Rxe5 35. a4 Re3 36. Bc4 Nxh3+ 37. Kf1 Rf3+ 38. Kg2 g4 39. a5 Nf4+ 40. Kg1 Ng6 41. a6 Ne5 42. Be2 Re3 43. Kf2 Ra3 44.
Rc7 Kg7 45. a7 h5 46. Re7 Kf6 47. Rc7 h4 48. Bb5 h3 49. Bc6 g3+ 50. Ke2 Nxc6 51.
Rxc6+ Kg5 52. Rc5+ f5 53. Rc7 h2 54. Rg7+ Kf4 55.
Rh7 Rxa7 56. Rh4+ Kg5 57. Rh8 Ra1 58. Ke3 h1=Q 59. Rg8+ Kf6 60. Kd4 Qe4+ 61. Kc5 Rc1+ 62. Kd6 Qd4# 0-1

[Event "*** MasterClass Titled Tuesday Blitz"]
[Site "Chess.com"]
[Date "2017.12.05"]
[Round "4"]
[White "Rodalquilar"]
[Black "Koksik_13"]
[Result "0-1"]
[WhiteElo "2477"]
[BlackElo "2247"]
[TimeControl "180+2"]
[EndTime "15:05:03 PST"]
[Termination "Koksik_13 won on time"]

1. d4 e6 2. Nf3 d5 3. Bf4 Nf6 4. e3 Bd6 5. Bg3 Ne4 6. c4 c6 7.
Nc3 f5 8. Bd3 O-O 9. Qc2 Qe7 10.
c5 Bxg3 11. hxg3 Nd7 12. g4 fxg4 13. Nxe4 dxe4 14. Bxe4 g6 15. Ne5 Qf6 16. Nxg4 Qg5 17. Nh6+ Kg7 18. f4 Qg3+ 19. Qf2 Qxf2+ 20. Kxf2 Nf6 21. Bf3 b6 22. b4 a5 23. a3 bxc5 24. bxc5 Rb8 25. g4 Rb2+ 26. Kg3 Rb3 27. g5 Nd5 28.
Bxd5 exd5 29. Rhe1 Re8 30. Kf2 a4 31. Rab1 Rxa3 32.
Rb6 Bd7 33. Rb7 Re7 34. Ng4 Ra2+ 35. Kg3 Kf7 36. Ne5+ Ke6 37. Reb1 a3 38. R1b6 Ra1 39. Ra7 Be8 40. Ra8 Kf5 41. Kf3 h6 42. gxh6 g5 43.
fxg5 Kxg5 44. h7 Bh5+ 45. Kg3 Rxh7 46. Rxc6 Rg7 47. Rf8 a2 48. Ra6 Rg1+ 49. Kf2 a1=Q 50. Rxa1 Rxa1 51. c6 Rc1 52. e4 dxe4 53. d5 Rc3 54. d6 e3+ 55. Kg2 e2 56. Kf2 Rc1 57. Nd3 Rf1+ 58. Ke3 Rxf8 59. c7 Rd7 0-1